 Dungeon Crawl Stone Soup version 0.22-a0-542-gce4f928 (webtiles) character file.

112 vierth the Covered (level 4, -5/41 HPs)
             Began as a Minotaur Fighter on June 24, 2018.
             Killed by divine providence
             ... invoked by an orc priest
              (13 damage)
             ... on level 3 of the Dungeon.
             The game lasted 00:03:29 (1654 turns).

vierth the Covered (Minotaur Fighter)               Turns: 1654, Time: 00:03:30

Health: -5/41      AC:  8    Str: 22    XL:     4   Next: 63%
Magic:  3/3        EV:  7    Int:  5    God:
Gold:   110        SH: 11    Dex:  9    Spells: 3/3 levels left

rFire    . . .     SeeInvis .   a - +0 war axe
rCold    . . .     Gourm    .   c - +0 shield
rNeg     . . .     Faith    .   b - +1 scale mail
rPois    .         Spirit   .   (helmet restricted)
rElec    .         Reflect  +   (no cloak)
rCorr    .         Harm     .   (no gloves)
MR       .....                  (no boots)
Stlth    ..........             i - +2 amulet of reflection
HPRegen  0.13/turn              m - ring of flight
MPRegen  0.08/turn              q - ring of wizardry

@: no status effects
A: retaliatory headbutt, horns 2
a: Evoke Flight


You were on level 3 of the Dungeon.
You were not hungry.

You visited 1 branch of the dungeon, and saw 3 of its levels.

You collected 110 gold pieces.

Inventory:

Hand Weapons
 a - a +0 war axe (weapon)
Armour
 b - a +1 scale mail (worn)
 c - a +0 shield (worn)
 p - a +0 pair of gloves
Jewellery
 i - a +2 amulet of reflection (around neck)
 m - a ring of flight (left hand)
 q - a ring of wizardry (right hand)
Scrolls
 e - a scroll of teleportation {unknown}
 g - a scroll of magic mapping {unknown}
 r - a scroll of remove curse {unknown}
Potions
 d - a potion of might
 h - a potion of cancellation {unknown}
 j - a potion of lignification {unknown}
 k - a potion of invisibility {unknown}
 l - a potion of haste {unknown}
 n - a potion of curing {unknown}
 o - 2 potions of brilliance {unknown}
 s - 2 potions of agility {unknown}
Comestibles
 f - 4 rations


   Skills:
 + Level 4.3 Fighting
 * Level 4.1 Axes
 + Level 4.4 Armour
 + Level 4.4 Shields


You had 3 spell levels left.
You didn't know any spells.
Your spell library was empty.

Dungeon Overview and Level Annotations

Branches:
Dungeon (3/15)

Altars:


Innate Abilities, Weirdness & Mutations

You reflexively headbutt those who attack you in melee.
You have a pair of horns on your head.


Message History

You are too injured to fight recklessly!
You are too injured to fight recklessly!
You are too injured to fight recklessly!
You are too injured to fight recklessly!
You closely miss the orc priest. You headbutt the orc priest!
The orc priest is severely wounded.
The orc priest hits you.
* * * LOW HITPOINT WARNING * * *
An orc comes into view. It is wielding a mace.
The orc shouts!
You slash the orc priest!
You kill the orc priest!
Your Axes skill increases to level 4!
You barely miss the orc. You block the orc's attack.
The orc hits you but does no damage.
You slash the orc!
You kill the orc!
The orc priest mumbles some strange prayers to Beogh against you.
Beogh smites you!
You die...

#.# #. #.# #.
##.########.
####........... #
####..............
#.
...............###
#.. ####.##.#.####.#
#...####.##.#.# #.#
#..o)@........####(#
#..###.#............
# ##.#.#.######.#
##.##.# #.# ......
###..... ..... .....


You could see an orc priest.

Vanquished Creatures
  An orc priest (D:3)
  4 adders (D:2)
  An ooze (D:2)
  A worm (D:2)
  2 orcs (D:3)
  4 goblins
  7 hobgoblins
  A jackal (D:2)
  A quokka (D:2)
  2 ball pythons
  A bat (D:1)
  3 frilled lizards
  5 kobolds
  9 rats
42 creatures vanquished.

Notes
Turn   | Place    | Note
-------+----------+-------------------------------------------
     0 | D:1      | vierth the Minotaur Fighter began the quest for the Orb.
     0 | D:1      | Reached XP level 1. HP: 19/19 MP: 0/0
   237 | D:1      | Reached XP level 2. HP: 27/27 MP: 1/1
   528 | D:1      | You fall through a shaft!
   793 | D:2      | Reached XP level 3. HP: 31/33 MP: 2/2
  1281 | D:2      | Reached XP level 4. HP: 38/40 MP: 3/3
  1654 | D:3      | Killed from afar by an orc priest

Vault maps used:
D:1:      lightli_arrival_lavapool
D:2:      kennysheep_generic_room_7
D:3:      regret_index_temple_of_mockery, zin_academy

Skill      XL: |  1  2  3  4 |
---------------+-------------+-----
Axes           | 3 4 |  4.1
Fighting       | 4 |  4.3
Shields        | 4 |  4.4
Armour         | 4 |  4.4

Action                   |  1- 3 |  4- 6 || total
-------------------------+-------+-------++-------
Melee: War axe           |    82 |    18 ||   100
       Headbutt          |     8 |     5 ||    13
  Use: Scroll            |     2 |       ||     2
  Eat: Ration            |     1 |       ||     1
Armor: Scale mail        |    30 |     2 ||    32
Dodge: Dodged            |    16 |     2 ||    18
Block: Shield            |    49 |     7 ||    56

Table legend:
 A = Spawn XP
 B = Non-spawn XP
 C = Spawn XP percentage of total XP
 D = Spawn monster count
 E = Non-spawn monster count
 F = Spawn count percentage of total count
 G = Total turns spent on level
                    A         B        C        D         E        F      G
               +---------+---------+-------+---------+---------+-------+---------
         Total |       0 |     160 |   0.0 |       0 |      42 |   0.0 |  1654
               +---------+---------+-------+---------+---------+-------+---------
           D:1 |       0 |      22 |   0.0 |       0 |      16 |   0.0 |   642
           D:2 |       0 |      86 |   0.0 |       0 |      21 |   0.0 |   915
           D:3 |       0 |      52 |   0.0 |       0 |       5 |   0.0 |    97
               +---------+---------+-------+---------+---------+-------+---------
